 Dungeon Crawl Stone Soup version 0.29.0-4-gdea44cf6ec (webtiles) character file.

Game seed: 6424637235342333266

228 qw the Chopper (level 6, -1/35 HPs)
             Began as a Tengu Warper on Aug 28, 2022.
             Slain by a sky beast (5 damage)
             ... on level 4 of the Dungeon.
             The game lasted 00:00:24 (4871 turns).

qw the Chopper (Tengu Warper)                       Turns: 4871, Time: 00:00:24

Health: -1/35      AC:  8    Str: 13    XL:     6   Next: 2%
Magic:  10/10      EV:  7    Int: 14    God:
Gold:   140        SH:  0    Dex: 13    Spells: 9/9 levels left

rFire   . . .      SeeInvis .   Y - +0 war axe
rCold   . . .      Faith    .   (no shield)
rNeg    + . .      Spirit   .   a - +0 chain mail
rPois   .          Reflect  .   (helmet restricted)
rElec   .          Harm     .   (no cloak)
rCorr   .          Rampage  .   (no gloves)
Will    .....                   (boots unavailable)
Stlth   ..........              (no amulet)
HPRegen 0.11/turn               k - ring of positive energy
MPRegen 0.12/turn               (no ring)

@: flying quickly and evasively, quick
A: beak, talons 3, nimble flight
a: no special abilities


You were on level 4 of the Dungeon.
You visited 1 branch of the dungeon, and saw 4 of its levels.

You collected 308 gold pieces.
You spent 168 gold pieces at shops.


Innate Abilities, Weirdness & Mutations

You have a beak for a mouth.
You have claws for feet.
Your magical nature lets you fly swiftly and evasively.


   Skills:
 - Level 2.0 Fighting
 + Level 6.4 Axes
 - Level 1.0 Throwing
 - Level 2.0 Armour
 - Level 2.1 Dodging
 - Level 2.0 Spellcasting
 - Level 2.4 Translocations


You had 9 spell levels left.
You didn't know any spells.
Your spell library contained the following spells:

 Spells                   Type           Power      Damage    Failure   Level
 Blink                    Tloc           16%        N/A       99%         2
 Gell's Gravitas          Tloc           8%         N/A       100%        3
 Lesser Beckoning         Tloc           8%         N/A       100%        3
 Teleport Other           Tloc           8%         N/A       100%        3
 Manifold Assault         Tloc           8%         N/A       100%        5

Inventory:

Hand Weapons
 o - the +12 whip of Zyxzad {vorpal, rF+}
   (You found it on level 2 of the Dungeon)

   It inflicts extra damage upon your enemies.
   rF:        It protects you from fire.
 Y - a +0 war axe (weapon)
Armour
 a - a +0 chain mail (worn)
Jewellery
 h - a ring of fire
 k - a ring of positive energy (left hand)
Scrolls
 i - a scroll of identify
Potions
 g - a potion of flight {unknown}
 m - 5 potions of curing
 p - a potion of mutation {unknown}

Dungeon Overview and Level Annotations

Branches:
Dungeon (4/15)
 Temple: D:4-7

Altars:

Shops:
D:2 *(*

Annotations:
D:3 1 runed translucent door, Crazy Yiuf, Natasha


Message History

There is a stone staircase leading up here.
A sky beast comes into view.
Enter note:
Enter note:
Enter note: You barely miss the sky beast.
You peck the sky beast, but do no damage.
The sky beast flickers out of sight!
Deactivating autopickup; reactivate with Ctrl-A.
Something hits you but does no damage.
You hit something but do no damage. Something hits you but does no damage.
You miss something. You claw something. Your peck misses something.
Something hits you. Something shocks you. Something hits you.
Something shocks you.
You miss something. Something hits you. Something shocks you.
You closely miss something. Your kick misses something.
Something hits you but does no damage.
You barely miss something. Your kick misses something.
Your peck misses something. Something hits you. Something shocks you.
You hit something but do no damage. Your kick misses something.
You peck something. Something hits you but does no damage.
You miss something. Your peck misses something.
A sky beast appears from thin air!
Reactivating autopickup.
The sky beast hits you but does no damage. x2
You slash the sky beast! You peck the sky beast.
The sky beast is severely wounded.
The sky beast barely misses you.
You barely miss the sky beast.
The sky beast is severely wounded.
The sky beast flickers out of sight!
Deactivating autopickup; reactivate with Ctrl-A.
Something hits you but does no damage.
You miss something. Something hits you. Something shocks you.
You die...

................#
.....#####......#
..#### ###..###
### ##..## ##
##..# .# ####.#
.####.#
##....####
......#
#........##...
......#
#.....@......#
......#
#....?.{~...###
......#
#...........#
.....##
#..###.$....#
.....# #.#
.#.....# .....#
#.. .###.....#
....## #. #
#....# ....#
#...# .....


There were no monsters in sight!

Vanquished Creatures
  A jelly (D:4)
  Natasha (D:3)
  Terence (D:3)
  Robin (D:3)
  3 gnolls (D:3)
  3 adders
  2 adder zombies (D:2)
  A worm (D:2)
  2 dart slugs (D:1)
  6 ball pythons
  7 bats
  7 endoplasms
  5 giant cockroaches
  11 goblins
  3 hobgoblins
  2 jackals (D:1)
  3 kobolds
  2 quokkas (D:1)
  A ball python zombie (D:2)
  3 frilled lizards (D:1)
  A giant cockroach zombie (D:2)
  A jackal skeleton (D:2)
  3 rats
70 creatures vanquished.

Notes
Turn   | Place    | Note
-------+----------+-------------------------------------------
     0 | D:1      | qw the Tengu Warper began the quest for the Orb.
     0 | D:1      | Reached XP level 1. HP: 12/12 MP: 4/4
     0 | D:1      | 0 ||| qw: Version: 0.1-a-89-g26bdef1
     0 | D:1      | 0 ||| qw: Game counter: 2980
     0 | D:1      | 0 ||| qw: Always use a shield: true
     0 | D:1      | 0 ||| qw: God list: Okawaru
     0 | D:1      | 0 ||| qw: Allow faded altars: false
     0 | D:1      | 0 ||| qw: Do Orc after D:15 true
     0 | D:1      | 0 ||| qw: Do second Lair branch before Depths: true
     0 | D:1      | 0 ||| qw: Lair rune preference: random
     0 | D:1      | 0 ||| qw: Plans: Normal
     0 | D:1      | 0 ||| PLANNING D:1-11
   122 | D:1      | Reached skill level 3 in Axes
   122 | D:1      | Reached XP level 2. HP: 16/17 MP: 6/6
   161 | D:1      | 161 ||| Stepping ~*~*~tactically~*~*~ (stealth).
   199 | D:1      | 199 ||| Stepping ~*~*~tactically~*~*~ (stealth).
   210 | D:1      | 210 ||| Stepping ~*~*~tactically~*~*~ (stealth).
   627 | D:1      | 627 ||| Stepping ~*~*~tactically~*~*~ (hiding).
   637 | D:1      | Reached XP level 3. HP: 17/21 MP: 7/7
   779 | D:1      | Reached skill level 4 in Axes
   833 | D:1      | 833 ||| Stepping ~*~*~tactically~*~*~ (stealth).
  1170 | D:1      | 1170 ||| DROPPING +0 club.
  1171 | D:1      | 1171 ||| READING scroll labelled ODOEGE DEW GYNN.
  1172 | D:1      | 1172 ||| DROPPING scroll of blinking.
  1185 | D:2      | 1185 ||| STAIRDANCE
  1320 | D:2      | 1320 ||| STAIRDANCE
  1518 | D:2      | 1518 ||| STAIRDANCE
  1587 | D:2      | 1587 ||| STAIRDANCE
  1781 | D:2      | Found Immeadelio's General Store.
  1804 | D:2      | 1804 ||| BUYING scroll of identify (26 gold).
  1804 | D:2      | Bought a scroll of identify for 26 gold pieces
  1804 | D:2      | 1804 ||| BUYING scroll of identify (26 gold).
  1804 | D:2      | Bought a scroll of identify for 26 gold pieces
  1836 | D:2      | Reached XP level 4. HP: 14/26 MP: 8/8
  1909 | D:2      | 1909 ||| FLEEEEING.
  1910 | D:2      | 1910 ||| FLEEEEING.
  2005 | D:2      | Found Ufrefaw's Assorted Antiques.
  2058 | D:2      | Identified the +12 whip of Zyxzad {vorpal, rF+}
  2060 | D:2      | 2060 ||| DROPPING +0 mace.
  2085 | D:2      | 2085 ||| BUYING fuming amethyst potion (27 gold).
  2085 | D:2      | Bought a fuming amethyst potion for 27 gold pieces
  2085 | D:2      | 2085 ||| SHOPLISTING peridot ring (155 gold, have 100).
  2085 | D:2      | 2085 ||| BUYING scroll of identify (62 gold).
  2085 | D:2      | Bought a scroll of identify for 62 gold pieces
  2085 | D:2      | 2085 ||| BUYING silvery potion (27 gold).
  2085 | D:2      | Bought a silvery potion for 27 gold pieces
  2111 | D:2      | 2111 ||| Stepping ~*~*~tactically~*~*~ (stealth).
  2436 | D:2      | 2436 ||| Stepping ~*~*~tactically~*~*~ (stealth).
  2438 | D:2      | 2438 ||| Stepping ~*~*~tactically~*~*~ (stealth).
  2440 | D:2      | 2440 ||| Stepping ~*~*~tactically~*~*~ (stealth).
  2462 | D:2      | Reached skill level 5 in Axes
  2477 | D:2      | Found Juteguc's Weapon Boutique.
  2657 | D:2      | 2657 ||| UPGRADING to +0 ring mail.
  2667 | D:2      | 2667 ||| DROPPING +0 leather armour.
  2668 | D:2      | 2668 ||| UPGRADING to +0 scale mail.
  2678 | D:2      | 2678 ||| DROPPING +0 ring mail.
  2679 | D:2      | 2679 ||| UPGRADING to ring of positive energy.
  2680 | D:2      | 2680 ||| READING scroll labelled CEABIUF ZAICI.
  2684 | D:2      | 2684 ||| READING scroll labelled DOCWYOQYGHE.
  2785 | D:2      | 2785 ||| READING scroll labelled EMOPNO YDWUPEE.
  2786 | D:2      | 2786 ||| DRINKING 2 fuming pink potions.
  2787 | D:2      | 2787 ||| DRINKING 2 silvery potions.
  2788 | D:2      | 2788 ||| READING 3 scrolls of identify.
  2788 | D:2      | 2788 ||| IDENTIFYING fuming golden potion
  2789 | D:2      | 2789 ||| READING 2 scrolls of identify.
  2789 | D:2      | 2789 ||| IDENTIFYING viscous green potion
  2790 | D:2      | 2790 ||| DROPPING potion of attraction.
  2791 | D:2      | 2791 ||| DROPPING potion of brilliance.
  2804 | D:3      | Noticed Terence
  2805 | D:3      | 2805 ||| STAIRDANCE
  2824 | D:3      | Killed Terence
  2825 | D:3      | 2825 ||| STAIRDANCE
  3197 | D:3      | Noticed Natasha
  3198 | D:3      | 3198 ||| FLEEEEING.
  3199 | D:3      | 3199 ||| FLEEEEING.
  3205 | D:3      | 3205 ||| FLEEEEING.
  3206 | D:3      | 3206 ||| FLEEEEING.
  3207 | D:3      | 3207 ||| FLEEEEING.
  3208 | D:3      | 3208 ||| FLEEEEING.
  3209 | D:3      | 3209 ||| FLEEEEING.
  3210 | D:3      | 3210 ||| FLEEEEING.
  3211 | D:3      | 3211 ||| FLEEEEING.
  3212 | D:3      | 3212 ||| FLEEEEING.
  3213 | D:3      | 3213 ||| FLEEEEING.
  3217 | D:3      | 3217 ||| FLEEEEING.
  3220 | D:3      | 3220 ||| FLEEEEING.
  3221 | D:3      | 3221 ||| FLEEEEING.
  3223 | D:3      | 3223 ||| FLEEEEING.
  3224 | D:3      | 3224 ||| FLEEEEING.
  3225 | D:3      | 3225 ||| Stepping ~*~*~tactically~*~*~ (hiding).
  3228 | D:3      | HP: 5/26 [Natasha (5)]
  3229 | D:3      | 3229 ||| READING scroll of teleportation.
  3230 | D:3      | 3230 ||| DRINKING potion of heal wounds.
  3339 | D:3      | 3339 ||| Stepping ~*~*~tactically~*~*~ (stealth).
  3342 | D:3      | Identified the +2 helmet of True Grit {rElec rCorr Str+5
                  | Slay-3}
  3342 | D:3      | Noticed Robin
  3343 | D:3      | 3343 ||| Stepping ~*~*~tactically~*~*~ (hiding).
  3354 | D:3      | Killed Robin
  3355 | D:3      | Gained mutation: Your magical nature lets you fly swiftly
                  | and evasively. [Tengu growth]
  3355 | D:3      | Reached XP level 5. HP: 27/30 MP: 9/9
  3530 | D:3      | 3530 ||| Stepping ~*~*~tactically~*~*~ (stealth).
  3568 | D:3      | 3568 ||| Stepping ~*~*~tactically~*~*~ (hiding).
  3579 | D:3      | Reached skill level 6 in Axes
  3742 | D:3      | Found a runed translucent door.
  3743 | D:3      | Noticed Crazy Yiuf
  3830 | D:3      | 3830 ||| SWAPPING to +0 war axe.
  3855 | D:3      | 3855 ||| DROPPING +1 hand axe.
  3984 | D:3      | 3984 ||| Stepping ~*~*~tactically~*~*~ (stealth).
  3995 | D:3      | Killed Natasha
  4037 | D:3      | Found a faded altar of an unknown god.
  4153 | D:3      | Noticed Natasha
  4156 | D:3      | 4156 ||| UPGRADING to +0 chain mail.
  4166 | D:3      | 4166 ||| DROPPING +0 scale mail.
  4167 | D:3      | 4167 ||| DROPPING amulet of faith.
  4168 | D:3      | 4168 ||| READING scroll labelled KUOXTAH RONGA.
  4169 | D:3      | 4169 ||| READING 2 scrolls of identify.
  4169 | D:3      | 4169 ||| IDENTIFYING glowing red potion
  4170 | D:3      | 4170 ||| DROPPING potion of lignification.
  4171 | D:3      | 4171 ||| Stepping randomly (stuck).
  4172 | D:3      | 4172 ||| Stepping ~*~*~tactically~*~*~ (cloud).
  4177 | D:3      | HP: 7/30 [poisoned by you (poison gas)]
  4182 | D:3      | HP: 3/30 [poisoned by you (poison gas)]
  4523 | D:4      | Reached XP level 6. HP: 17/35 MP: 10/10
  4523 | D:4      | 4523 ||| STAIRDANCE
  4857 | D:4      | Noticed a sky beast
  4866 | D:4      | HP: 5/35 [something (5)]
  4871 | D:4      | HP: 4/35 [something (2)]
  4871 | D:4      | Slain by a sky beast

Levels and vault maps discovered:
D:1:      onia_arrival_mini_spirals, layout_loops_ring
D:2:      layout_loops_ring, serial_shops, nicolae_shop_behind_doors,
          nicolae_shop_overgrown_old_shop, shop_coins, serial_undead,
          serial_undead_d, serial_undead_a, serial_undead_f, serial_undead_d,
          dreamdust_wishing_well, lightli_corner_chamber
D:3:      layout_basic, shapermc_ecumenical_altar_pompeii, grunt_ministairs_2,
          uniq_terence, uniq_crazy_yiuf_cottage, uniq_natasha, uniq_robin
D:4:      layout_cave_pods, nicolae_tso_swordbearing_angel,
          biasface_ghost_orc_armoury, serial_shops, nicolae_shop_hallway_stairs,
          minmay_manual_mail, uniq_menkaure, uniq_duvessa, uniq_blork_the_orc

Skill      XL: |  1  2  3  4  5 |
---------------+----------------+-----
Axes           | 3 4 5 6 |  6.4
Armour         | 2 |  2.0
Fighting       | |  2.0
Throwing       | |  1.0
Dodging        | |  2.1
Spellcasting   | |  2.0
Translocations | |  2.4

Action                   |  1- 3 |  4- 6 || total
-------------------------+-------+-------++-------
Melee: Hand axe          |    79 |    74 ||   153
       Peck              |    13 |    16 ||    29
       Kick              |    16 |    21 ||    37
       Punch             |     1 |     1 ||     2
       War axe           |       |    33 ||    33
Throw: Boomerang         |     7 |    12 ||    19
  Use: Scroll            |     1 |     8 ||     9
       Potion            |       |     3 ||     3
 Stab: Sleeping          |     1 |       ||     1
Armor: Leather armour    |    24 |     1 ||    25
       Scale mail        |       |    15 ||    15
       Chain mail        |       |     7 ||     7
Dodge: Dodged            |    56 |    50 ||   106

Table legend:
 A = Non-vault XP
 B = Vault XP
 C = Vault XP percentage of total XP
 D = Non-vault monster count
 E = Vault monster count
 F = Vault count percentage of total count
                 A         B        C        D         E       F
            +---------+---------+-------+---------+---------+-------
      Total |     212 |     114 |  35.0 |      53 |      17 |  24.3
            +---------+---------+-------+---------+---------+-------
        D:1 |      75 |       0 |   0.0 |      34 |       0 |   0.0
        D:2 |      27 |      14 |  34.1 |       7 |       5 |  41.7
        D:3 |      67 |     100 |  59.9 |      11 |      12 |  52.2
        D:4 |      43 |       0 |   0.0 |       1 |       0 |   0.0
            +---------+---------+-------+---------+---------+-------
